General information
- name: BNet
- type: Ladder 1vs1/FFA
- host: Battle.net
- saver: hetchjay
map: MarketSquare
- players: 4
- length: 153:43
- speed: Fast
- version: 1.22 W3XP
- replay type: Public
» download(499 KB)
Players
team 1 (loser)

»
Player 1 (
blue | 58 APM | 3340 actions | 57:26)
6 Archmage
3 Summon Water Elemental
2 Brilliance Aura
1 Mass Teleport
7 Paladin
3 Holy Light
3 Divine Shield
1 Resurrection
5 Mountain King
3 Storm Bolt
2 Bash
» actions
| Assign group hotkey | 22 | |
| Basic commands | 7 | |
| Build / train | 156 | |
| Enter build submenu | 77 | |
| Enter hero's abilities submenu | 18 | |
| Give item / drop item | 1 | |
| Right click | 1626 | |
| Select / deselect | 994 | |
| Select group hotkey | 109 | |
| Use ability | 330 | |
3340 total
» units
| Peasant | 27 | |
| Footman | 2 | |
| Rifleman | 3 | |
| Priest | 2 | |
| Mortar Team | 9 | |
| Knight | 14 | |
| Siege Engine | 8 | |
| Spell Breaker | 8 | |
| Gryphon Rider | 3 | |
76 total
» upgrades
| Fragmentation Shards | 1 | |
| Priest Training | 2 | |
| Animal War Training | 1 | |
| Barrage | 1 | |
| Masonry | 3 | |
| Plating | 3 | |
| Lumber Harvesting | 1 | |
| Swords | 2 | |
| Gunpowder | 2 | |
| Storm Hammers | 1 | |
17 total
» buildings
| Altar of Kings | 3 | |
| Farm | 27 | |
| Barracks | 3 | |
| Arcane Vault | 3 | |
| Blacksmith | 2 | |
| Scout Tower | 29 | |
| Arcane Tower | 4 | |
| Lumber Mill | 2 | |
| Keep | 3 | |
| Guard Tower | 18 | |
| Castle | 2 | |
| Arcane Sanctum | 2 | |
| Workshop | 3 | |
| Town Hall | 4 | |
| Gryphon Aviary | 1 | |
| Cannon Tower | 1 | |
107 total
» build order
00:07 Altar of Kings
00:37 Altar of Kings
00:58 Farm
01:18 Barracks
01:31 Farm
02:06 Arcane Vault
02:47 Blacksmith
03:09 Scout Tower
03:13 Farm
04:07 Arcane Tower
04:12 Lumber Mill
04:16 Keep
04:16 Keep
04:37 Scout Tower
05:56 Guard Tower
05:58 Farm
06:01 Farm
06:04 Farm
06:43 Castle
07:19 Farm
07:25 Arcane Sanctum
07:29 Scout Tower
07:53 Workshop
09:55 Town Hall
13:03 Farm
16:56 Farm
16:58 Workshop
17:00 Barracks
17:42 Farm
17:46 Gryphon Aviary
18:21 Scout Tower
18:57 Guard Tower
20:59 Town Hall
22:09 Farm
22:11 Farm
23:28 Farm
23:30 Farm
26:09 Town Hall
28:04 Scout Tower
28:06 Scout Tower
28:08 Scout Tower
28:09 Scout Tower
34:29 Town Hall
34:57 Guard Tower
35:03 Scout Tower
35:05 Scout Tower
35:07 Scout Tower
35:08 Scout Tower
36:23 Scout Tower
36:24 Scout Tower
36:26 Guard Tower
36:27 Guard Tower
36:29 Guard Tower
37:15 Guard Tower
37:17 Guard Tower
37:18 Guard Tower
37:21 Scout Tower
37:23 Scout Tower
37:27 Scout Tower
38:38 Guard Tower
38:39 Guard Tower
38:40 Guard Tower
38:42 Scout Tower
38:44 Scout Tower
38:46 Scout Tower
42:30 Guard Tower
42:31 Guard Tower
42:32 Guard Tower
42:41 Altar of Kings
42:43 Arcane Sanctum
42:48 Workshop
42:57 Arcane Vault
43:57 Barracks
46:33 Scout Tower
46:36 Scout Tower
46:39 Keep
46:54 Lumber Mill
46:56 Blacksmith
47:24 Arcane Tower
47:25 Arcane Tower
47:28 Scout Tower
47:31 Scout Tower
48:16 Cannon Tower
48:17 Guard Tower
48:22 Scout Tower
48:27 Scout Tower
48:32 Farm
48:36 Farm
48:59 Farm
49:04 Farm
49:07 Farm
49:08 Farm
49:13 Farm
49:15 Farm
49:16 Farm
50:24 Farm
50:26 Castle
50:28 Farm
50:30 Farm
51:51 Guard Tower
52:21 Arcane Tower
53:54 Scout Tower
53:58 Scout Tower
54:14 Scout Tower
54:44 Guard Tower
55:45 Arcane Vault
55:50 Farm
» items
| Scroll of Regeneration | 4 | |
| Scroll of Town Portal | 6 | |
| Lesser Clarity Potion | 1 | |
11 total
team 2 (loser)

»
Player 2 (
pink | 61 APM | 1263 actions | 20:41)
4 Dark Ranger
2 Black Arrow
2 Silence
4 Priestess of the Moon
2 Trueshot Aura
2 Searing Arrows
3 Keeper of the Grove
2 Entangling Roots
1 Thorns Aura
» actions
| Basic commands | 42 | |
| Build / train | 105 | |
| Enter build submenu | 27 | |
| Enter hero's abilities submenu | 11 | |
| Give item / drop item | 2 | |
| Remove unit from queue | 1 | |
| Right click | 469 | |
| Select / deselect | 525 | |
| Use ability | 81 | |
1263 total
» units
| Wisp | 40 | |
| Archer | 6 | |
| Dryad | 7 | |
| Huntress | 1 | |
| Druid of the Talon | 2 | |
| Kobold Geomancer | 1 | |
| Forest Troll High Priest | 1 | |
| Mountain Giant | 1 | |
| Faerie Dragon | 2 | |
| Druid of the Claw | 4 | |
| Chimaera | 3 | |
68 total
» upgrades
| Strength of the Wild | 3 | |
| Reinforced Hides | 3 | |
| Well Spring | 1 | |
| Nature's Blessing | 1 | |
| Druid of the Claw Training | 2 | |
| Corrosive Breath | 1 | |
| Mark of the Claw | 1 | |
| Abolish Magic | 1 | |
| Ultravision | 1 | |
14 total
» buildings
| Moon Well | 10 | |
| Ancient of War | 1 | |
| Altar of Elders | 1 | |
| Tree of Ages | 1 | |
| Tree of Life | 3 | |
| Hunter's Hall | 1 | |
| Ancient of Lore | 1 | |
| Tree of Eternity | 1 | |
| Ancient of Wind | 1 | |
| Ancient of Wonders | 1 | |
| Chimaera Roost | 3 | |
| Ancient Protector | 5 | |
29 total
» build order
00:26 Moon Well
00:40 Ancient of War
01:20 Moon Well
01:31 Altar of Elders
02:53 Tree of Ages
03:56 Tree of Life
04:28 Hunter's Hall
04:48 Moon Well
05:34 Ancient of Lore
05:49 Moon Well
06:42 Tree of Eternity
07:26 Ancient of Wind
08:12 Ancient of Wonders
09:29 Tree of Life
09:56 Moon Well
10:22 Moon Well
13:27 Chimaera Roost
13:30 Chimaera Roost
13:34 Chimaera Roost
13:57 Ancient Protector
13:59 Moon Well
14:04 Ancient Protector
15:09 Moon Well
16:31 Moon Well
16:46 Ancient Protector
16:48 Ancient Protector
16:51 Moon Well
18:27 Tree of Life
18:52 Ancient Protector
» items
| Moonstone | 2 | |
| Orb of Venom | 1 | |
| Scroll of Town Portal | 2 | |
| Potion of Healing | 1 | |
6 total
team 3 (winner)
hetchjay (
green | 82 APM | 12612 actions | 153:43)
5 Mountain King
3 Storm Bolt
2 Bash
7 Archmage
3 Blizzard
3 Brilliance Aura
1 Mass Teleport
6 Paladin
3 Holy Light
2 Divine Shield
1 Resurrection
» actions
| Assign group hotkey | 81 | |
| Basic commands | 476 | |
| Build / train | 252 | |
| ESC pressed | 9 | |
| Enter build submenu | 127 | |
| Enter hero's abilities submenu | 20 | |
| Give item / drop item | 6 | |
| Right click | 5080 | |
| Select / deselect | 1679 | |
| Select group hotkey | 4173 | |
| Use ability | 708 | |
12612 total
» units
| Peasant | 31 | |
| Mortar Team | 44 | |
| Flying Machine | 1 | |
| Gryphon Rider | 13 | |
| Knight | 7 | |
96 total
» upgrades
| Lumber Harvesting | 2 | |
| Masonry | 3 | |
| Flare | 1 | |
| Gunpowder | 3 | |
| Fragmentation Shards | 1 | |
| Armor | 3 | |
| Plating | 3 | |
| Swords | 3 | |
| Flak Cannons | 1 | |
| Flying Machine Bombs | 1 | |
| Storm Hammers | 1 | |
| Animal War Training | 1 | |
23 total
» buildings
| Altar of Kings | 2 | |
| Farm | 8 | |
| Lumber Mill | 10 | |
| Scout Tower | 195 | |
| Guard Tower | 52 | |
| Keep | 1 | |
| Arcane Vault | 3 | |
| Blacksmith | 1 | |
| Workshop | 3 | |
| Castle | 1 | |
| Town Hall | 5 | |
| Gryphon Aviary | 2 | |
| Barracks | 2 | |
| Arcane Sanctum | 1 | |
286 total
» build order
00:11 Altar of Kings
00:25 Farm
00:39 Lumber Mill
01:09 Scout Tower
01:11 Scout Tower
01:12 Scout Tower
01:59 Guard Tower
02:03 Farm
02:10 Guard Tower
02:38 Scout Tower
02:39 Scout Tower
02:39 Scout Tower
03:16 Guard Tower
04:02 Guard Tower
04:18 Keep
04:35 Scout Tower
04:36 Scout Tower
04:41 Scout Tower
04:42 Scout Tower
05:18 Guard Tower
05:37 Lumber Mill
05:43 Scout Tower
05:44 Scout Tower
05:53 Guard Tower
06:13 Guard Tower
06:34 Arcane Vault
06:36 Scout Tower
06:37 Scout Tower
06:39 Blacksmith
06:47 Guard Tower
07:04 Guard Tower
07:55 Scout Tower
07:56 Scout Tower
07:57 Guard Tower
07:59 Scout Tower
08:00 Scout Tower
08:27 Guard Tower
08:39 Workshop
08:53 Scout Tower
08:54 Scout Tower
10:03 Scout Tower
11:17 Guard Tower
11:26 Farm
11:27 Farm
11:29 Farm
11:30 Farm
11:37 Scout Tower
12:47 Scout Tower
12:48 Scout Tower
13:12 Castle
14:59 Scout Tower
15:00 Scout Tower
15:01 Scout Tower
15:02 Scout Tower
15:04 Scout Tower
15:05 Scout Tower
15:49 Guard Tower
16:00 Lumber Mill
16:33 Scout Tower
16:34 Scout Tower
16:35 Scout Tower
16:37 Guard Tower
17:01 Scout Tower
17:02 Scout Tower
17:03 Scout Tower
17:03 Scout Tower
17:05 Scout Tower
17:06 Scout Tower
18:30 Guard Tower
18:40 Lumber Mill
21:29 Town Hall
23:06 Guard Tower
23:28 Workshop
23:48 Lumber Mill
23:59 Scout Tower
24:00 Scout Tower
24:02 Scout Tower
24:02 Scout Tower
24:02 Scout Tower
24:03 Scout Tower
24:04 Scout Tower
24:38 Guard Tower
26:01 Guard Tower
27:09 Guard Tower
27:12 Guard Tower
28:33 Scout Tower
28:35 Scout Tower
28:36 Scout Tower
29:10 Scout Tower
29:11 Scout Tower
29:12 Scout Tower
29:13 Scout Tower
29:13 Scout Tower
29:15 Scout Tower
30:23 Scout Tower
30:24 Scout Tower
30:25 Scout Tower
31:01 Scout Tower
31:02 Scout Tower
31:03 Scout Tower
31:03 Guard Tower
31:55 Guard Tower
31:58 Lumber Mill
32:24 Town Hall
32:34 Arcane Vault
33:08 Scout Tower
33:09 Scout Tower
33:30 Scout Tower
33:31 Scout Tower
34:31 Guard Tower
36:55 Scout Tower
36:55 Scout Tower
36:58 Scout Tower
36:59 Scout Tower
36:59 Scout Tower
37:00 Scout Tower
37:08 Guard Tower
38:35 Guard Tower
38:42 Scout Tower
38:43 Scout Tower
38:43 Scout Tower
38:44 Scout Tower
38:45 Scout Tower
40:40 Scout Tower
40:41 Scout Tower
40:41 Scout Tower
40:42 Scout Tower
40:43 Scout Tower
40:44 Guard Tower
41:23 Altar of Kings
43:38 Guard Tower
43:40 Scout Tower
43:41 Scout Tower
43:41 Scout Tower
43:42 Scout Tower
43:47 Scout Tower
43:48 Scout Tower
43:49 Scout Tower
43:49 Scout Tower
44:45 Scout Tower
44:46 Scout Tower
44:47 Scout Tower
44:50 Guard Tower
44:54 Scout Tower
44:55 Scout Tower
44:56 Scout Tower
44:56 Scout Tower
44:58 Scout Tower
44:58 Scout Tower
45:00 Scout Tower
45:00 Scout Tower
45:01 Scout Tower
45:01 Scout Tower
46:02 Farm
46:03 Farm
46:05 Workshop
48:22 Guard Tower
48:24 Guard Tower
48:27 Scout Tower
48:28 Scout Tower
48:33 Lumber Mill
49:09 Scout Tower
49:10 Scout Tower
49:10 Scout Tower
49:11 Scout Tower
49:47 Guard Tower
49:51 Scout Tower
49:52 Scout Tower
49:52 Scout Tower
49:53 Scout Tower
49:53 Scout Tower
49:54 Scout Tower
49:54 Scout Tower
50:58 Guard Tower
51:01 Scout Tower
51:02 Scout Tower
51:03 Scout Tower
51:03 Scout Tower
51:04 Scout Tower
51:04 Scout Tower
51:04 Scout Tower
51:07 Guard Tower
52:06 Guard Tower
52:07 Scout Tower
52:08 Scout Tower
52:09 Scout Tower
52:09 Scout Tower
52:10 Scout Tower
52:11 Scout Tower
53:57 Guard Tower
55:24 Scout Tower
55:25 Scout Tower
55:26 Scout Tower
55:27 Scout Tower
55:28 Scout Tower
55:30 Scout Tower
55:31 Scout Tower
55:32 Scout Tower
55:32 Scout Tower
55:33 Scout Tower
55:34 Scout Tower
57:00 Guard Tower
57:04 Scout Tower
57:04 Scout Tower
57:05 Scout Tower
57:07 Scout Tower
57:08 Scout Tower
57:09 Guard Tower
57:09 Guard Tower
59:06 Guard Tower
59:08 Scout Tower
59:09 Scout Tower
59:09 Scout Tower
59:19 Lumber Mill
61:29 Scout Tower
61:30 Scout Tower
61:30 Scout Tower
61:31 Scout Tower
61:35 Guard Tower
62:01 Town Hall
65:46 Town Hall
65:48 Guard Tower
66:28 Scout Tower
66:28 Scout Tower
67:48 Guard Tower
67:49 Guard Tower
67:50 Scout Tower
67:50 Scout Tower
67:51 Scout Tower
67:51 Scout Tower
67:51 Scout Tower
67:51 Scout Tower
69:05 Guard Tower
69:07 Scout Tower
69:07 Scout Tower
69:08 Scout Tower
69:08 Scout Tower
70:10 Scout Tower
70:12 Scout Tower
70:12 Scout Tower
70:13 Scout Tower
70:14 Scout Tower
71:01 Scout Tower
71:02 Scout Tower
71:03 Scout Tower
72:51 Town Hall
72:59 Arcane Vault
73:17 Guard Tower
75:47 Scout Tower
75:48 Scout Tower
75:49 Scout Tower
75:50 Scout Tower
75:50 Scout Tower
75:51 Scout Tower
75:51 Scout Tower
75:52 Scout Tower
76:41 Guard Tower
76:43 Scout Tower
76:44 Scout Tower
76:44 Scout Tower
76:45 Scout Tower
76:45 Scout Tower
76:46 Scout Tower
76:47 Scout Tower
76:47 Scout Tower
76:48 Guard Tower
76:49 Guard Tower
77:03 Gryphon Aviary
77:04 Gryphon Aviary
83:27 Scout Tower
83:28 Scout Tower
83:29 Scout Tower
83:29 Scout Tower
83:35 Lumber Mill
84:30 Guard Tower
84:52 Guard Tower
85:57 Scout Tower
85:58 Scout Tower
85:58 Guard Tower
89:34 Guard Tower
98:59 Lumber Mill
112:05 Barracks
112:06 Barracks
115:57 Arcane Sanctum
» items
| Scroll of Regeneration | 17 | |
| Orb of Fire | 4 | |
| Staff of Sanctuary | 2 | |
| Scroll of Town Portal | 22 | |
| Potion of Lesser Invulnerability | 1 | |
| Potion of Healing | 1 | |
| Mechanical Critter | 6 | |
| Potion of Mana | 1 | |
| Staff of Teleportation | 1 | |
55 total
team 4 (loser)
Player 4 (
red | 37 APM | 5673 actions | 153:42)
10 Archmage
3 Summon Water Elemental
3 Brilliance Aura
1 Mass Teleport
3 Blizzard
10 Paladin
3 Holy Light
3 Divine Shield
1 Resurrection
3 Devotion Aura
10 Mountain King
3 Storm Bolt
3 Bash
1 Avatar
3 Thunder Clap
» actions
| Assign group hotkey | 131 | |
| Basic commands | 1079 | |
| Build / train | 278 | |
| ESC pressed | 19 | |
| Enter build submenu | 60 | |
| Enter hero's abilities submenu | 30 | |
| Remove unit from queue | 1 | |
| Right click | 644 | |
| Select / deselect | 872 | |
| Select group hotkey | 2097 | |
| Use ability | 462 | |
5673 total
» units
| Peasant | 58 | |
| Footman | 6 | |
| Spell Breaker | 11 | |
| Sorceress | 31 | |
| Priest | 14 | |
| Flying Machine | 43 | |
| Mortar Team | 36 | |
| Siege Engine | 6 | |
| Gryphon Rider | 3 | |
208 total
» upgrades
| Lumber Harvesting | 2 | |
| Masonry | 4 | |
| Priest Training | 2 | |
| Swords | 3 | |
| Plating | 3 | |
| Flak Cannons | 1 | |
| Flying Machine Bombs | 1 | |
| Fragmentation Shards | 1 | |
| Gunpowder | 3 | |
| Armor | 3 | |
| Barrage | 1 | |
24 total
» buildings
| Altar of Kings | 2 | |
| Barracks | 1 | |
| Farm | 48 | |
| Keep | 4 | |
| Arcane Vault | 3 | |
| Lumber Mill | 3 | |
| Arcane Sanctum | 4 | |
| Castle | 2 | |
| Blacksmith | 1 | |
| Workshop | 3 | |
| Town Hall | 21 | |
| Scout Tower | 3 | |
| Guard Tower | 1 | |
| Gryphon Aviary | 1 | |
97 total
» build order
00:08 Altar of Kings
00:22 Barracks
00:36 Farm
00:50 Farm
02:04 Farm
02:38 Keep
03:21 Arcane Vault
04:12 Lumber Mill
05:09 Farm
05:09 Farm
05:15 Farm
05:18 Farm
05:35 Arcane Sanctum
05:38 Arcane Sanctum
06:13 Castle
09:05 Blacksmith
10:55 Farm
10:58 Farm
11:00 Farm
12:09 Workshop
14:49 Town Hall
18:31 Farm
18:32 Farm
18:35 Farm
18:36 Farm
21:25 Town Hall
25:25 Town Hall
32:07 Town Hall
33:56 Town Hall
34:31 Arcane Vault
35:30 Farm
35:33 Farm
36:59 Town Hall
48:41 Town Hall
50:16 Town Hall
50:51 Town Hall
53:56 Town Hall
54:57 Scout Tower
55:51 Scout Tower
55:55 Scout Tower
56:55 Guard Tower
60:02 Town Hall
61:42 Farm
61:43 Farm
61:45 Farm
61:46 Farm
61:47 Farm
62:34 Farm
62:36 Farm
62:37 Farm
62:38 Farm
62:40 Farm
62:41 Farm
65:39 Town Hall
66:51 Lumber Mill
69:15 Town Hall
69:57 Arcane Vault
72:55 Keep
73:03 Keep
73:54 Farm
73:56 Farm
73:57 Farm
74:31 Town Hall
78:28 Town Hall
78:39 Farm
78:41 Farm
78:42 Farm
78:43 Farm
78:45 Farm
78:46 Farm
78:47 Farm
78:49 Farm
82:10 Farm
82:10 Farm
83:38 Town Hall
92:39 Workshop
92:42 Workshop
94:20 Town Hall
96:03 Arcane Sanctum
96:03 Arcane Sanctum
108:16 Town Hall
120:23 Town Hall
133:02 Town Hall
134:31 Farm
134:32 Farm
134:33 Farm
134:34 Farm
134:41 Farm
134:42 Farm
134:44 Farm
134:45 Farm
138:21 Keep
138:29 Lumber Mill
140:44 Gryphon Aviary
142:03 Altar of Kings
143:22 Castle
149:22 Town Hall
» items
Chat log
(26:03 / All) Player 1: So whats gooing on
(26:06 / All) hetchjay: chillin
(34:11 / All) Player 1: green get red he is so strong
(34:15 / All) hetchjay: oh ok
(34:17 / All) hetchjay: siorry
(34:25 / All) Player 4: jajaja he is lay
(36:06 / All) Player 4: tean?
(41:03 / All) Player 1: hit him please
(41:16 / All) hetchjay: ok
(41:33 / All) Player 1: hit him
(42:08 / All) Player 4: green? u want to died first?
(42:14 / All) hetchjay: what
(42:15 / All) hetchjay: no
(42:21 / All) hetchjay: we will destroy the red menace
(43:46 / All) Player 1: green yo umust get reds gold
(47:14 / All) Player 1: green can you please get reds gold
(47:23 / All) hetchjay: yeah
(47:38 / All) hetchjay: one down
(47:46 / All) Player 1: how masny he got
(47:52 / All) hetchjay: at least four
(47:57 / All) Player 1: really?
(48:00 / All) hetchjay: yeah
(48:09 / All) hetchjay: well three now
(52:44 / All) Player 4: team fuck
(54:21 / All) Player 4: tower :S
(54:27 / All) Player 4: like a news :S
(56:11 / All) Player 1: just keep hiting him
(56:44 / All) Player 4: :s
(56:50 / All) hetchjay: oops
(56:53 / All) hetchjay: some of my men were left behind
(67:03 / All) Player 4: men u rt too slow ;S
(67:08 / All) hetchjay: you are too slow
(67:20 / All) Player 4: i no cover with tower :S:S:S:S:S
(67:27 / All) Player 4: this is a pussy :P
(67:31 / All) hetchjay: this IS a pussy
(67:41 / All) Player 4: yeah :P
(67:55 / All) Player 4: u never can beat me
(68:01 / All) hetchjay: ok gg then
(68:54 / All) Player 4: see:S
(72:13 / All) Player 4: :S
(82:36 / All) Player 4: ZXZZZZzzzzzz
(83:18 / All) hetchjay: so i guess i win then eh?
(83:24 / All) Player 4: :S
(88:23 / All) hetchjay: BUILD ADDITIONAL FARMS
(92:36 / All) hetchjay: my dear boy
(92:49 / All) hetchjay: i think you have been bested
(93:55 / All) hetchjay: hm
(93:59 / All) hetchjay: spell imune basteards
(94:02 / All) hetchjay: immune bastards
(96:52 / All) Player 4: zzzzZZZZZ
(102:22 / All) Player 4: run pusyh
(102:26 / All) hetchjay: will do
(102:32 / All) Player 4: ever
(102:34 / All) Player 4: :P
(103:09 / All) Player 4: i can lear to play men
(103:16 / All) hetchjay: what?
(103:18 / All) hetchjay: learn to play men
(103:19 / All) hetchjay: what do you mean
(103:38 / All) Player 4: to kill the enemy not run :P
(106:52 / All) hetchjay: welcome to vietnam
(107:07 / All) hetchjay: charlie was everywhere
(107:15 / All) Player 4: :S
(107:19 / All) hetchjay: three clicks out of danang nong
(107:22 / All) hetchjay: we encountered an ambush
(107:23 / All) Player 4: men this game sucks
(107:34 / All) hetchjay: "MEN. THIS GAME SUCKS"
(107:37 / All) hetchjay: said corporal johnson
(107:41 / All) hetchjay: that was the last thing he ever saied
(107:46 / All) Player 4: :S
(107:57 / All) Player 4: u have 4 year?
(108:34 / All) hetchjay: how much gold you got?
(109:00 / All) Player 4: much then u :S
(109:03 / All) Player 4: loser
(111:20 / All) Player 4: i have 7k men
(111:22 / All) Player 4: u?
(111:27 / All) hetchjay: 86/100
(111:36 / All) hetchjay: oh 18000 gold
(117:22 / All) Player 4: :S:S:S:S:S:S:S:S:S:S:S:S:S:SS:S:S:S:S:S:S:S:S:S
(117:29 / All) hetchjay: SNAKES
(119:51 / All) hetchjay: i guess recklessly letting you level your heros to 12 was a bad idea
(120:17 / All) Player 4: ofcourse
(125:46 / All) Player 4: men please :S
(126:46 / All) hetchjay: io just have all this money
(126:48 / All) hetchjay: and feel i should spend it
(127:08 / All) Player 4: but u dont have a good technic
(127:15 / All) hetchjay: build lots of guys
(127:17 / All) hetchjay: throw them at you
(127:17 / All) hetchjay: die
(127:20 / All) hetchjay: but win because i have more money
(127:22 / All) hetchjay: seems like a good technique
(127:33 / All) Player 4: but is too slow
(127:39 / All) Player 4: very slow
(127:42 / All) hetchjay: see http://www.highper.ch for more replays
(127:49 / All) hetchjay: specifically tower replays
(127:54 / All) Player 4: ok good:D
(128:07 / All) Player 4: but tower is not a good technic
(128:11 / All) hetchjay: see their site
(128:14 / All) hetchjay: lots of good technics
(129:34 / All) Player 4: ZZZZZzzzzz
(131:14 / All) hetchjay: my goal is to win
(131:24 / All) Player 4: u cant
(131:33 / All) hetchjay: oh sorr yid idnt finish
(131:36 / All) hetchjay: win without jkilling your army
(131:58 / All) Player 4: u just born me, this is u tech :S
(133:59 / All) Player 4: _:S
(136:54 / All) Player 4: zZZZZZzzzzzz
(140:16 / All) Player 4: ZZZZZzzzz
(141:14 / All) hetchjay: hm,
(141:17 / All) Player 4: :S
(150:01 / All) Player 4: ZZZzzz
(151:01 / All) Player 4: ur lucky i have to go, but this tech sucks a lot
(151:04 / All) hetchjay: haha
(151:10 / All) hetchjay: well
(151:13 / All) hetchjay: i guess i achieved my objective
(151:17 / All) Player 4: u never can beat me men
(151:19 / All) hetchjay: i'm sure if you stayed you could beat me
(151:21 / All) hetchjay: what are you talking about
(151:23 / All) hetchjay: i still have thousands of gold
(151:34 / All) hetchjay: are you going to kill me with a gryphon aviary?
(151:47 / All) Player 4: me too but this game is tooooooooooooo born
(152:05 / All) hetchjay: guess you should have quit when i pointed out you lost
(152:13 / All) hetchjay: ill note
(152:18 / All) hetchjay: that you attacked me maybe twice
(152:23 / All) Player 4: u need practic
(152:49 / All) hetchjay: 12345
(153:26 / All) Player 4: ok bye
(153:32 / All) hetchjay: bye
(153:33 / All) hetchjay: i win
(153:38 / All) Player 4: bad game :P
(153:41 / All) hetchjay: yeah